 Dungeon Crawl Stone Soup version 0.26-a0-958-gf3041fb45f (webtiles) character file.

Game seed: 13041830128492888362

7316 Gargoyl the Fighter (level 11, -3/89 HPs)
             Began as a Gnoll Abyssal Knight on Nov 30, 2020.
             Was a High Priest of Lugonu.
             Slain by an orc warrior
             ... wielding a +0 hand axe
              (7 damage)
             ... on level 9 of the Dungeon.
             The game lasted 00:13:18 (12032 turns).

Gargoyl the Fighter (Gnoll Abyssal Knight)         Turns: 12032, Time: 00:13:18

Health: -3/89      AC: 17    Str: 18    XL:     11   Next: 13%
Magic:  20/20      EV:  8    Int: 15    God:    Lugonu [*****.]
Gold:   578        SH:  7    Dex: 14    Spells: 22/22 levels left

rFire    . . .     SeeInvis +   e - +1 whip (elec)
rCold    . . .     Faith    .   g - +2 buckler
rNeg     . . .     Spirit   .   x - +0 plate armour
rPois    .         Reflect  .   o - +0 helmet
rElec    .         Harm     .   t - +0 cloak
rCorr    +         Rampage  .   s - +0 pair of gloves
MR       .....                  (no boots)
Stlth    ..........             d - amulet of magic regeneration
HPRegen  0.24/turn              z - ring of see invisible
MPRegen  0.42/turn              c - ring of resist corrosion

@: drained
A: distributed training, fangs 1, strong nose
a: Depart the Abyss, Bend Space, Banish, Corrupt, Enter the Abyss, Renounce
Religion


You were on level 9 of the Dungeon.
You worshipped Lugonu.
Lugonu was extremely pleased with you.
You visited 1 branch of the dungeon, and saw 9 of its levels.
You visited the Abyss 1 time.

You collected 578 gold pieces.

Inventory:

Hand Weapons
 a - a +1 hand axe
 e - a +1 whip of electrocution (weapon)
Missiles
 m - 8 poisoned darts (quivered)
 n - 5 silver javelins
Armour
 g - a +2 buckler (worn)
 o - a +0 helmet (worn)
 s - a +0 pair of gloves (worn)
 t - a +0 cloak (worn)
 x - a +0 plate armour (worn)
Jewellery
 c - a ring of resist corrosion (right hand)
 d - an amulet of magic regeneration (around neck)
 z - a ring of see invisible (left hand)
Wands
 b - a wand of paralysis (10)
 f - a wand of flame (20)
 l - a wand of disintegration (7)
 r - a wand of acid (6)
 y - a wand of iceblast (3)
Scrolls
 h - 4 scrolls of teleportation
 j - 6 scrolls of remove curse
 k - a scroll of identify
 q - a scroll of magic mapping
 w - a scroll of fog
Potions
 i - 3 potions of cancellation
 u - 2 potions of flight
 v - a potion of haste


   Skills:
 + Level 9.0(8.3) Fighting
 + Level 6.0(5.4) Short Blades
 + Level 6.0(5.4) Long Blades
 + Level 7.6(7.0) Axes
 + Level 6.0(5.4) Maces & Flails
 + Level 6.0(5.4) Polearms
 + Level 6.0(5.4) Staves
 + Level 6.0(5.4) Slings
 + Level 6.0(5.4) Bows
 + Level 6.0(5.4) Crossbows
 + Level 6.0(5.4) Throwing
 + Level 7.6(7.0) Armour
 + Level 6.6(5.9) Dodging
 + Level 6.0(5.4) Stealth
 + Level 6.0(5.4) Shields
 + Level 6.0(5.4) Unarmed Combat
 + Level 6.0(5.4) Spellcasting
 + Level 5.0(4.4) Conjurations
 + Level 5.0(4.4) Hexes
 + Level 5.0(4.4) Summonings
 + Level 5.0(4.4) Necromancy
 + Level 5.0(4.4) Translocations
 + Level 5.0(4.4) Transmutations
 + Level 5.0(4.4) Fire Magic
 + Level 5.0(4.4) Ice Magic
 + Level 5.0(4.4) Air Magic
 + Level 5.0(4.4) Earth Magic
 + Level 5.0(4.4) Poison Magic
 + Level 8.1(7.4) Invocations
 + Level 6.0(5.4) Evocations


You had 22 spell levels left.
You didn't know any spells.
Your spell library contained the following spells:

 Spells                   Type           Power        Failure   Level
 Magic Dart               Conj           ###.         58%         1
 Shock                    Conj/Air       ###.         58%         1
 Searing Ray              Conj           ###...       73%         2
 Swiftness                Air            ###.....     73%         2
 Dazzling Flash           Conj/Hex       ###...       91%         3
 Static Discharge         Conj/Air       ###.....     91%         3
 Airstrike                Air            ###.......   100%        4
 Fulminant Prism          Conj/Hex       ###.......   100%        4
 Iskenderun's Mystic Bla  Conj/Tloc      ###.....     100%        4
 Lightning Bolt           Conj/Air       ###.......   100%        5


Dungeon Overview and Level Annotations

Branches:
Dungeon (9/15)             Temple (0/1) D:5            Lair (0/6) D:8
    Orc: D:9-12

Altars:
Cheibriados
Elyvilon
Gozag
Hepliaklqana
Makhleb
Nemelex Xobeh
Qazlal
Ru
Uskayaw
Vehumet
Wu Jian
Yredelemnul
Zin


Innate Abilities, Weirdness & Mutations

Your experience applies equally to all skills.
You have very sharp teeth.
Your uncanny sense of smell can sniff out nearby items.


Message History

You hit the two-headed ogre but do no damage.
The two-headed ogre is almost dead.
The two-headed ogre hits you with a +0 giant club!!
* * * LOW HITPOINT WARNING * * *
The two-headed ogre hits you with a +0 giant club.
* * * LOW HITPOINT WARNING * * *
You hit the two-headed ogre.
The two-headed ogre is almost dead.
You block the orc warrior's attack. You block the two-headed ogre's attack.
The two-headed ogre hits you with a +0 giant club!
* * * LOW HITPOINT WARNING * * *
You hit the two-headed ogre.
The two-headed ogre is almost dead.
The orc warrior hits you but does no damage.
You hit the two-headed ogre but do no damage.
Lightning courses through the two-headed ogre!!
You kill the two-headed ogre!
Lugonu accepts your kill.
The orc warrior hits you with a +0 hand axe!
You die...

####).#
#######'##
#........#
#((......# .
#.(>.....#..
#........'.#
#..>.....###
#........#
####@#####
#>o# ##.#
#)# #. ...
#.#####
.....
.......
......#
.h.....
.......#
...O...
........#
......)


You could see an orc warrior.

Vanquished Creatures
  2 two-headed ogres (D:9)
  An unseen horror (D:8)
  Pikel (D:5)
  Joseph (D:9)
  2 wyverns
  Sigmund (D:6)
  A basilisk (D:8)
  A water moccasin (D:8)
  2 sky beasts
  A black bear (D:7)
  2 ice beasts
  3 orc warriors
  2 phantoms
  6 ogres
  5 centaurs
  8 bullfrogs
  A gnoll sergeant (D:6)
  3 scorpions
  11 killer bees
  9 wights
  3 howler monkeys (D:7)
  2 bullfrog zombies
  2 centaur zombies
  4 orc priests
  4 orc wizards
  A gnoll shaman (D:7)
  A centaur skeleton (D:9)
  2 hounds
  2 jellies
  3 bullfrog skeletons
  2 iguanas
  8 worker ants
  A hound skeleton (D:4)
  A worker ant zombie (D:8)
  8 adders
  17 gnolls
  A shadow imp (D:9)
  2 ufetubi
  An ooze (D:2)
  2 adder skeletons
  3 worms
  3 dart slugs (D:3)
  6 leopard geckos
  39 orcs
  11 giant cockroaches
  4 goblins
  7 hobgoblins
  4 jackals
  7 kobolds
  2 quokkas (D:8)
  2 ball pythons
  7 bats
  6 frilled lizards
  A leopard gecko zombie (D:7)
  A quokka skeleton (D:4)
  5 rats
238 creatures vanquished.

Notes
Turn   | Place    | Note
-------+----------+-------------------------------------------
     0 | Abyss:1  | Gargoyl the Gnoll Abyssal Knight began the quest for the
                  | Orb.
     0 | Abyss:1  | Reached XP level 1. HP: 23/23 MP: 3/3
     5 | Abyss:1  | Found a corrupted altar of Lugonu.
   172 | Abyss:2  | Noticed a neqoxec
   172 | Abyss:2  | Noticed a spatial maelstrom
   172 | Abyss:2  | Noticed a revenant
   172 | Abyss:2  | Noticed a freezing wraith
   174 | Abyss:3  | Found a corrupted altar of Lugonu.
   174 | Abyss:3  | Noticed a big kobold
   174 | Abyss:3  | Noticed a big kobold
   174 | Abyss:3  | Noticed a big kobold
   174 | Abyss:3  | Noticed a big kobold
   174 | Abyss:3  | Noticed a big kobold
   177 | Abyss:3  | Noticed a big kobold
   177 | Abyss:3  | Noticed a big kobold
   197 | Abyss:3  | Noticed a starcursed mass
   202 | D:1      | Escaped the Abyss
   634 | D:1      | Reached XP level 2. HP: 29/29 MP: 5/5
   900 | D:1      | Reached * piety under Lugonu
  1565 | D:2      | Found a sacrificial altar of Ru.
  1590 | D:2      | Reached XP level 3. HP: 32/35 MP: 6/6
  1637 | D:2      | Reached skill level 1 in Short Blades
  1637 | D:2      | Reached skill level 1 in Long Blades
  1637 | D:2      | Reached skill level 1 in Maces & Flails
  1637 | D:2      | Reached skill level 1 in Polearms
  1637 | D:2      | Reached skill level 1 in Staves
  1637 | D:2      | Reached skill level 1 in Slings
  1637 | D:2      | Reached skill level 1 in Bows
  1637 | D:2      | Reached skill level 1 in Crossbows
  1637 | D:2      | Reached skill level 1 in Throwing
  1637 | D:2      | Reached skill level 1 in Stealth
  1637 | D:2      | Reached skill level 1 in Shields
  1637 | D:2      | Reached skill level 1 in Unarmed Combat
  1637 | D:2      | Reached skill level 1 in Spellcasting
  1637 | D:2      | Reached skill level 1 in Evocations
  1637 | D:2      | Reached XP level 4. HP: 25/41 MP: 7/7
  1851 | D:2      | Found a radiant altar of Vehumet.
  1959 | D:2      | Reached skill level 1 in Conjurations
  1959 | D:2      | Reached skill level 1 in Hexes
  1959 | D:2      | Reached skill level 1 in Summonings
  1959 | D:2      | Reached skill level 1 in Necromancy
  1959 | D:2      | Reached skill level 1 in Translocations
  1959 | D:2      | Reached skill level 1 in Transmutations
  1959 | D:2      | Reached skill level 1 in Fire Magic
  1959 | D:2      | Reached skill level 1 in Ice Magic
  1959 | D:2      | Reached skill level 1 in Air Magic
  1959 | D:2      | Reached skill level 1 in Earth Magic
  1959 | D:2      | Reached skill level 1 in Poison Magic
  2042 | D:2      | Found a snail-covered altar of Cheibriados.
  2048 | D:2      | Reached ** piety under Lugonu
  2114 | D:2      | Found a faded altar of an unknown god.
  2515 | D:3      | Reached XP level 5. HP: 34/47 MP: 8/8
  2804 | D:3      | Found a hazy altar of Hepliaklqana.
  2892 | D:3      | Found an ornate altar of the Wu Jian Council.
  3399 | D:4      | Reached skill level 5 in Invocations
  3399 | D:4      | Reached XP level 6. HP: 53/53 MP: 9/9
  3661 | D:4      | Reached skill level 5 in Axes
  3661 | D:4      | Reached skill level 5 in Armour
  4003 | D:4      | Found a hide-covered altar of Uskayaw.
  4004 | D:4      | Found a glowing silver altar of Zin.
  4007 | D:4      | Found a basalt altar of Yredelemnul.
  4128 | D:5      | Entered Level 5 of the Dungeon
  4134 | D:5      | Noticed a sky beast
  4138 | D:5      | Reached XP level 7. HP: 45/59 MP: 10/10
  4155 | D:5      | Reached skill level 7 in Fighting
  4375 | D:5      | Found a staircase to the Ecumenical Temple.
  4472 | D:5      | Reached *** piety under Lugonu
  4683 | D:5      | Noticed Pikel
  4717 | D:5      | Killed Pikel
  4718 | D:5      | Reached XP level 8. HP: 24/67 MP: 12/12
  5069 | D:5      | Found a sacrificial altar of Ru.
  5789 | D:6      | Found a burning altar of Makhleb.
  6336 | D:6      | Reached XP level 9. HP: 70/72 MP: 14/14
  6442 | D:6      | Noticed Sigmund
  6454 | D:6      | Killed Sigmund
  6686 | D:6      | Reached skill level 5 in Dodging
  6700 | D:6      | Reached **** piety under Lugonu
  7266 | D:6      | Reached skill level 8 in Fighting
  7747 | D:7      | Found a white marble altar of Elyvilon.
  7748 | D:7      | Found an opulent altar of Gozag.
  7819 | D:6      | HP: 2/74 [ogre/+0 giant spiked club (22)]
  8275 | D:7      | Reached XP level 10. HP: 75/80 MP: 17/17
  8939 | D:8      | Found a stormy altar of Qazlal.
  9163 | D:8      | Found a staircase to the Lair.
  9195 | D:8      | Reached skill level 5 in Short Blades
  9195 | D:8      | Reached skill level 5 in Long Blades
  9195 | D:8      | Reached skill level 5 in Maces & Flails
  9195 | D:8      | Reached skill level 5 in Polearms
  9195 | D:8      | Reached skill level 5 in Staves
  9195 | D:8      | Reached skill level 5 in Slings
  9195 | D:8      | Reached skill level 5 in Bows
  9195 | D:8      | Reached skill level 5 in Crossbows
  9195 | D:8      | Reached skill level 5 in Throwing
  9195 | D:8      | Reached skill level 5 in Stealth
  9195 | D:8      | Reached skill level 5 in Shields
  9195 | D:8      | Reached skill level 5 in Unarmed Combat
  9195 | D:8      | Reached skill level 5 in Spellcasting
  9195 | D:8      | Reached skill level 5 in Evocations
  9792 | D:8      | Killed an unseen horror
  9828 | D:8      | Found a sparkling altar of Nemelex Xobeh.
 10593 | D:8      | Reached ***** piety under Lugonu
 11193 | D:9      | Noticed a two-headed ogre
 11209 | D:9      | Killed a two-headed ogre
 11222 | D:9      | Reached XP level 11. HP: 42/87 MP: 19/19
 11479 | D:9      | Noticed a two-headed ogre
 11590 | D:9      | Noticed Joseph
 11612 | D:9      | Killed Joseph
 11792 | D:9      | Reached skill level 9 in Fighting
 11992 | D:9      | Reached skill level 5 in Conjurations
 11992 | D:9      | Reached skill level 5 in Hexes
 11992 | D:9      | Reached skill level 5 in Summonings
 11992 | D:9      | Reached skill level 5 in Necromancy
 11992 | D:9      | Reached skill level 5 in Translocations
 11992 | D:9      | Reached skill level 5 in Transmutations
 11992 | D:9      | Reached skill level 5 in Fire Magic
 11992 | D:9      | Reached skill level 5 in Ice Magic
 11992 | D:9      | Reached skill level 5 in Air Magic
 11992 | D:9      | Reached skill level 5 in Earth Magic
 11992 | D:9      | Reached skill level 5 in Poison Magic
 12030 | D:9      | HP: 3/89 [two-headed ogre/+0 giant club (16)]
 12032 | D:9      | Killed a two-headed ogre
 12032 | D:9      | Slain by an orc warrior

Illustrated notes

Levels and vault maps discovered:
D:1:      arrival_zaba_pyramid, layout_basic
D:2:      minmay_roachtagon, layout_loops_ring, lemuel_round_altar,
          vehumet_crystals, chequers_ecumenical_altar_lobes,
          nicolae_ru_awakened_eye
D:3:      layout_loops_cross, overflow_temple_1_default, lemuel_crystal_altar
D:4:      layout_rooms, minitemple
D:5:      layout_loops_corners, nicolae_overflow_crystal_walls,
          minmay_temple_entry_statues_fountains, uniq_pikel
D:6:      layout_loops_ring, makhleb_heckhound_becter, uniq_sigmund
D:7:      layout_basic, gammafunk_temple_overflow_pools
D:8:      minmay_the_grid_triangle_9x9_rhombus_full
          [minmay_the_grid_triangle_9x9_skeleton,
          minmay_the_grid_triangle_9x9_pentomino_pain,
          minmay_the_grid_triangle_9x9_impossible_snake,
          minmay_the_grid_triangle_9x9_swiss_cheese,
          minmay_the_grid_triangle_9x9_semitri,
          minmay_the_grid_triangle_9x9_sprig,
          minmay_the_grid_triangle_9x9_from_above,
          minmay_the_grid_triangle_9x9_prize_schism], layout_cave_pods,
          nicolae_qazlal_eye_of_the_storm, nemelex_xobeh_ov_fountains_minmay,
          lair_entry_dummy, minmay_misc_feat_columns
D:9:      layout_roguey, uniq_joseph

Skill      XL: |  1  2  3  4  5  6  7  8  9 10 11 |
---------------+----------------------------------+-----
Short Blades   | 1 2 3 4 5 6 |  6.0
Long Blades    | 1 2 3 4 5 6 |  6.0
Maces & Flails | 1 2 3 4 5 6 |  6.0
Polearms       | 1 2 3 4 5 6 |  6.0
Staves         | 1 2 3 4 5 6 |  6.0
Slings         | 1 2 3 4 5 6 |  6.0
Bows           | 1 2 3 4 5 6 |  6.0
Crossbows      | 1 2 3 4 5 6 |  6.0
Throwing       | 1 2 3 4 5 6 |  6.0
Stealth        | 1 2 3 4 5 6 |  6.0
Shields        | 1 2 3 4 5 6 |  6.0
Unarmed Combat | 1 2 3 4 5 6 |  6.0
Spellcasting   | 1 2 3 4 5 6 |  6.0
Evocations     | 1 2 3 4 5 6 |  6.0
Conjurations   | 1 2 3 4 5 |  5.0
Hexes          | 1 2 3 4 5 |  5.0
Summonings     | 1 2 3 4 5 |  5.0
Necromancy     | 1 2 3 4 5 |  5.0
Translocations | 1 2 3 4 5 |  5.0
Transmutations | 1 2 3 4 5 |  5.0
Fire Magic     | 1 2 3 4 5 |  5.0
Ice Magic      | 1 2 3 4 5 |  5.0
Air Magic      | 1 2 3 4 5 |  5.0
Earth Magic    | 1 2 3 4 5 |  5.0
Poison Magic   | 1 2 3 4 5 |  5.0
Dodging        | 3 4 5 6 |  6.6
Invocations    | 5 6 7 8 |  8.1
Axes           | 5 6 7 |  7.6
Armour         | 5 6 7 |  7.6
Fighting       | 7 8 9 |  9.0

Action                   |  1- 3 |  4- 6 |  7- 9 | 10-12 || total
-------------------------+-------+-------+-------+-------++-------
Melee: Hand axe          |    80 |   261 |    73 |       ||   414
       Bite              |    10 |    30 |    47 |    48 ||   135
       Whip              |       |       |   337 |   351 ||   688
Throw: Dart              |       |       |    18 |     4 ||    22
       Javelin           |       |       |     1 |       ||     1
Invok: Depart the Abyss  |     1 |       |       |       ||     1
  Use: Scroll            |     2 |     7 |     5 |     4 ||    18
       Potion            |     1 |       |     6 |     3 ||    10
 Stab: Invisible         |       |       |     1 |       ||     1
Armor: Chain mail        |    46 |   124 |   143 |    24 ||   337
       Skin              |       |       |    14 |       ||    14
       Plate armour      |       |       |       |   124 ||   124
Dodge: Dodged            |    27 |    79 |   115 |   127 ||   348
Block: Buckler           |     7 |    70 |   102 |   107 ||   286

Table legend: (Time is in decaauts)
 A = Elapsed time spent in this place.
 B = Non-inter-level travel time spent in this place.
 C = Inter-level travel time spent in this place.
 D = Time resting spent in this place.
 E = Time spent auto-exploring this place.
 F = Levels seen in this place.
 G = Mean time per level.
                   A        B        C        D        E       F      G
               +--------+--------+--------+--------+--------+-----+--------+
         Total |  11952 |  11444 |    508 |   1869 |   7337 |  12 |  996.0 |
       Dungeon |  11751 |  11243 |    508 |   1869 |   7204 |   9 | 1305.7 |
         Abyss |    201 |    201 |      0 |      0 |    133 |   3 |   67.0 |
               +--------+--------+--------+--------+--------+-----+--------+

Top non-repeatable levels by time:
     D:6: 2401 daAuts
     D:8: 2089 daAuts
     D:5: 1351 daAuts
     D:1: 1301 daAuts
     D:9: 1046 daAuts
     D:2: 986 daAuts
     D:7: 909 daAuts
     D:4: 851 daAuts
     D:3: 813 daAuts
 Abyss:1: 136 daAuts
 Abyss:2: 37 daAuts
 Abyss:3: 27 daAuts
